 Dungeon Crawl Stone Soup version 0.30.0-18-gc0e69614cb (webtiles) character file.

Game seed: 11128796087724939046

11619 wingedge the Conjurer (level 12, -12/92 HPs)
             Began as a Human Wanderer on May 24, 2023.
             Was a Priest of Sif Muna.
             Killed from afar by a hell hound (18 damage)
             ... with a blast of flame
             ... on level 10 of the Dungeon.
             The game lasted 00:45:34 (16253 turns).

wingedge the Conjurer (Human Wanderer)             Turns: 16253, Time: 00:45:35

Health: -12/92     AC: 10    Str: 10    XL:     12   Next: 10%
Magic:  9/22       EV: 11    Int: 25    God:    Sif Muna [***...]
Gold:   492        SH:  0    Dex: 10    Spells: 19/25 levels left

rFire   x . .        a - staff of conjuration
rCold   + + .        (no shield)
rNeg    . . .        N - +0 ring mail of the Old World {Will+ Int+5 Dex-3 Stlth-}
rPois   .            y - +0 helmet
rElec   .            Y - +0 cloak
rCorr   .            d - +0 pair of gloves
SInv    .            (no boots)
Will    +....        (no amulet)
Stlth   +            k - ring of ice
HPRegen 0.35/turn    H - ring of protection from cold
MPRegen 0.18/turn

%: no passive effects
@: flying
A: no striking features
a: Renounce Religion, Channel Magic, Forget Spell


You were on level 10 of the Dungeon.
You worshipped Sif Muna.
Sif Muna was most pleased with you.
You visited 2 branches of the dungeon, and saw 11 of its levels.
You also visited: Bailey.

You collected 779 gold pieces.
You spent 287 gold pieces at shops.

Inventory:

Hand Weapons
 b - a +1 spear of venom
 f - a +2 dagger of venom
 h - a +1 dagger of speed
 M - a +0 scimitar of protection
 O - a +3 long sword
 T - a +2 halberd of electrocution
Missiles
 I - 20 poisoned darts (quivered)
 P - 11 silver javelins
Armour
 d - a +0 pair of gloves (worn)
 t - a +1 leather armour of fire resistance
 y - a +0 helmet (worn)
 N - the +0 ring mail of the Old World (worn) {Will+ Int+5 Dex-3 Stlth-}
   (You took it off a wight on level 8 of the Dungeon)

   Int:       It affects your intelligence (+5).
   Dex:       It affects your dexterity (-3).
   Will:      It increases your willpower.
   Stlth:     It makes you less stealthy.
 Y - a +0 cloak (worn)
Magical Staves
 a - a staff of conjuration (weapon)
 K - a staff of fire
Jewellery
 i - a +6 ring of strength
 k - a ring of ice (left hand)
 H - a ring of protection from cold (right hand)
 Q - a ring of fire
 R - an amulet of regeneration
Wands
 g - a wand of mindburst (3)
 x - a wand of roots (4)
 G - a wand of flame (5)
 J - a wand of polymorph (11)
 W - a wand of acid (5)
Scrolls
 c - 4 scrolls of teleportation
 l - 3 scrolls of fog
 o - a scroll of torment
 q - 2 scrolls of amnesia
 v - a scroll of fear
 w - a scroll of enchant armour
 z - a scroll of magic mapping
 B - 2 scrolls of immolation
 C - a scroll of enchant weapon
 D - 4 scrolls of blinking
 X - a scroll of vulnerability
Potions
 e - 3 potions of heal wounds
 j - 2 potions of invisibility
 m - 6 potions of attraction
 n - 5 potions of brilliance
 p - a potion of berserk rage
 r - 2 potions of magic {unknown}
 s - 3 potions of haste {unknown}
 u - 4 potions of flight
 A - 3 potions of curing
 E - 6 potions of lignification {unknown}
 L - 7 potions of might {unknown}
 S - 2 potions of cancellation
 U - 2 potions of experience {unknown}
 V - 3 potions of resistance {unknown}


   Skills:
 + Level 7.6 Fighting
 + Level 6.3 Armour
 - Level 4.0 Dodging
 + Level 4.5 Stealth
 - Level 7.0 Spellcasting
 + Level 7.8 Conjurations
 - Level 3.0 Summonings
 - Level 3.0 Translocations
 - Level 6.0 Earth Magic
 + Level 7.3 Invocations


You had 19 spell levels left.
You knew the following spells:

 Your Spells              Type           Power      Damage    Failure   Level
a - Sandblast             Erth           76%        2d16      1%          1
b - Stone Arrow           Conj/Erth      100%       3d13      2%          3
c - Blink                 Tloc           46%        N/A       7%          2

Your spell library contained the following spells:

 Spells                   Type           Power      Damage    Failure   Level
 Momentum Strike          Conj/Tloc      100%       3d10      2%          2
 Lesser Beckoning         Tloc           46%        N/A       7%          2
 Sublimation of Blood     Necr           8%         N/A       22%         2
 Wereblood                Tmut           8%         N/A       22%         2
 Summon Guardian Golem    Hex/Summ       16%        N/A       24%         3
 Petrify                  Tmut/Erth      23%        N/A       41%         4
 Orb of Destruction       Conj           32%        9d10      99%         7
 Spellforged Servitor     Conj/Summ      26%        N/A       100%        7
 Summon Hydra             Summ           11%        N/A       100%        7


Dungeon Overview and Level Annotations

Branches:
Dungeon (10/15)            Temple (1/1) D:6            Lair (0/5) D:10
    Orc (0/2) D:9          Bailey (visited)

Altars:
Ashenzari
Dithmenos
Elyvilon
Fedhas
Gozag
Hepliaklqana
Kikubaaqudgha
Makhleb
Okawaru
Qazlal
Ru
Sif Muna
Trog
Uskayaw
Vehumet
Wu Jian
Xom
Yredelemnul
Zin
The Shining One

Shops:
D:1 ?   D:5 *   D:7 (   D:9 =!

Portals:
Trove: D:10 (give 20 potions of curing)

Annotations:
D:5 3 runed translucent doors, Chodeload's ghost, novice BaWn; DemonSlayer's ghost, novice DsEE; Sans23's ghost, amateur HuWn
D:7 2 transporters


Message History

Aim: a necromancer, wielding a +0 dagger and wearing a +0 robe (heavily wounded, 69% to hit)
You feel a surge of power!
The stone arrow hits the necromancer!!
You kill the necromancer!
Sif Muna accepts your kill.
You feel less invigorated.
A hell knight comes into view. It is wielding a +2 demon trident.
Your magical contamination has completely faded away.
Casting: Stone Arrow (mildly dangerous; 2% risk of failure)
Confirm with . or Enter, or press ? or * to list all spells.
Aiming: Stone Arrow (mildly dangerous; 2% risk of failure)
Press: ? - help, Shift-Dir - straight line, f - hell hound
Aim: a hell hound (69% to hit)
You feel a surge of power!
The stone arrow hits the hell hound.
The hell hound is moderately wounded.
Casting: Stone Arrow (mildly dangerous; 2% risk of failure)
Confirm with . or Enter, or press ? or * to list all spells.
Aiming: Stone Arrow (mildly dangerous; 2% risk of failure)
Press: ? - help, Shift-Dir - straight line, f/p - hell hound
Aim: a hell hound (moderately wounded, 69% to hit)
You feel a surge of power!
The stone arrow misses the hell hound.
The hell hound stops to sniff the ground.
The hell hound breathes flames at you. The blast of flame hits you.
The fire burns you terribly!
A hell knight comes into view. It is wielding a +3 scimitar.
Casting: Stone Arrow (mildly dangerous; 2% risk of failure)
Confirm with . or Enter, or press ? or * to list all spells.
Aiming: Stone Arrow (mildly dangerous; 2% risk of failure)
Press: ? - help, Shift-Dir - straight line, f/p - hell hound
Aim: a hell hound (lightly wounded, 69% to hit)
You feel a surge of power!
The stone arrow hits the hell hound.
The hell hound is moderately wounded.
The hell knight mumbles some strange prayers to its god against you.
The bolt of fire hits the hell hound.
The hell hound completely resists.
The bolt of fire hits you!!! The fire burns you terribly!
Ouch! That really hurt!
* * * LOW HITPOINT WARNING * * *
You hear a shout!
The hell hound breathes flames at you. The blast of flame hits you!!
The fire burns you terribly!
You die...

#....# ##..#.# #.#
###..####...≈.# #.#
##>.......§.# #.#
###..##...≈.# #.##
###....##.#§§.#p # #..#
...........!≈§#p#####.# #..#
######.####.#§# hh§...# #..#
.......# #.#.###§§§###.#..#
######.####.#...@§§.....#..#
# #....#.#############..# #
##..###................#
##<..# #..#####.........# #
#...####.## ##.#########
####.#....#.# #..#
#.##.####...# #.##
#.##.######.#####.#
#.#.....# #.......#


You could see a hell hound (catching breath).

Vanquished Creatures
  A two-headed ogre (D:8)
  A deep elf pyromancer (D:8)
  A necromancer (D:10)
  An orc knight (Bailey)
  A cyclops (D:8)
  2 ugly things (D:8)
  A manticore (D:8)
  A gargoyle (D:10)
  2 guardian mummies (D:10)
  A troll (D:9)
  A hornet (D:9)
  Sigmund (D:2)
  10 yaks
  A vampire (D:10)
  3 wyverns
  A wraith (D:10)
  Eustachio (D:6)
  A human (D:9)
  2 steam dragons (D:8)
  An acid dragon (D:8)
  5 hell hounds (D:10)
  A water moccasin (D:6)
  A sky beast (D:7)
  A black bear (D:6)
  4 orc warriors
  2 ogres (D:6)
  2 ice beasts
  3 centaurs
  2 kobold brigands (D:9)
  5 bullfrogs
  3 gnoll sergeants
  A scorpion (D:4)
  5 wights (D:8)
  6 killer bees
  A howler monkey (D:9)
  2 jellies
  3 hounds
  8 orc priests
  A sleepcap (D:7)
  3 iguanas (D:10)
  5 orc wizards
  Natasha (D:2)
  Robin (D:4)
  24 gnolls
  6 adders
  A shadow imp (D:8)
  2 ufetubi
  A worm (D:3)
  A dart slug (D:5)
  51 orcs
  A ball python (D:2)
  4 bats
  8 endoplasms
  3 giant cockroaches
  15 goblins
  8 hobgoblins
  3 jackals (D:4)
  5 quokkas
  2 frilled lizards (D:2)
  14 kobolds
  2 rats
251 creatures vanquished.

Vanquished Creatures (others)
  A gnoll (D:8)
1 creature vanquished.

Grand Total: 252 creatures vanquished

Notes
Turn   | Place    | Note
-------+----------+-------------------------------------------
     0 | D:1      | wingedge the Human Wanderer began the quest for the Orb.
     0 | D:1      | wingedge set off with the following items: a +0 dagger, a
                  | potion of attraction, a +0 robe, a +0 pair of gloves; and
                  | the following spell memorised: Sandblast; and the following
                  | spells available to memorise: Lesser Beckoning, Momentum
                  | Strike, Stone Arrow, Petrify.
     0 | D:1      | Reached XP level 1. HP: 15/15 MP: 2/2
   194 | D:1      | Reached XP level 2. HP: 21/21 MP: 2/4
   374 | D:1      | Found a faded altar of an unknown god.
   410 | D:1      | Found Miepn's Magic Scroll Boutique.
   467 | D:1      | Bought a scroll of identify for 26 gold pieces
   783 | D:1      | Reached XP level 3. HP: 26/26 MP: 3/5
   847 | D:1      | Learned a level 3 spell: Stone Arrow
  1377 | D:2      | Noticed Sigmund
  1428 | D:3      | Reached XP level 4. HP: 23/32 MP: 1/7
  1573 | D:3      | Reached XP level 5. HP: 35/37 MP: 6/9
  1807 | D:3      | Paralysed by an orc for 3 turns
  1844 | D:3      | Paralysed by an orc for 5 turns
  1850 | D:3      | Paralysed by an orc for 2 turns
  2232 | D:3      | Reached skill level 1 in Conjurations
  3108 | D:4      | Reached XP level 6. HP: 43/43 MP: 6/10
  3388 | D:4      | Noticed Robin
  3788 | D:4      | Found a white marble altar of Elyvilon.
  3794 | D:4      | Found a glowing golden altar of the Shining One.
  4271 | D:4      | Killed Robin
  4594 | D:1      | Bought a scroll of fog for 52 gold pieces
  4594 | D:1      | Bought a scroll of teleportation for 39 gold pieces
  4737 | D:5      | Entered Level 5 of the Dungeon
  4852 | D:5      | Found a runed translucent gate.
  4853 | D:5      | Found a runed translucent gate.
  4854 | D:5      | Found a runed translucent gate.
  4855 | D:5      | Noticed Sans23's ghost (amateur HuWn)
  4856 | D:5      | Noticed DemonSlayer's ghost (novice DsEE)
  4856 | D:5      | Noticed Chodeload's ghost (novice BaWn)
  5025 | D:5      | Found Qodd's General Store.
  5404 | D:5      | Reached XP level 7. HP: 41/48 MP: 1/11
  5682 | D:2      | Killed Sigmund
  5812 | D:2      | Noticed Natasha
  5813 | D:2      | Killed Natasha
  6738 | D:6      | Noticed Eustachio
  6761 | D:6      | Killed Eustachio
  6762 | D:6      | Reached skill level 5 in Conjurations
  6762 | D:6      | Reached skill level 5 in Earth Magic
  6762 | D:6      | Reached XP level 8. HP: 27/57 MP: 3/14
  6882 | D:6      | Found an ornate altar of the Wu Jian Council.
  6886 | D:6      | Learned a level 2 spell: Blink
  6946 | D:6      | Found a staircase to the Ecumenical Temple.
  7075 | Temple   | Entered the Ecumenical Temple
  7101 | Temple   | Became a worshipper of Sif Muna the Loreminder
  7941 | D:7      | Reached skill level 1 in Invocations
  8046 | D:7      | Reached XP level 9. HP: 50/65 MP: 0/15
  8299 | D:7      | Found a transporter.
  8300 | D:7      | Noticed a kobold demonologist
  8605 | D:7      | Found a transporter.
  8832 | D:7      | Found Omooha Onga's Antique Weapon Emporium.
  8904 | D:7      | Noticed a kobold demonologist
  9401 | D:8      | Noticed a two-headed ogre
  9405 | D:8      | Killed a two-headed ogre
  9406 | D:8      | Reached skill level 5 in Spellcasting
  9804 | D:8      | Reached XP level 10. HP: 36/72 MP: 0/19
  9806 | D:8      | Reached * piety under Sif Muna
 10113 | D:8      | Identified the +0 ring mail of the Old World {Will+ Int+5
                  | Dex-3 Stlth-}
 10131 | D:8      | Reached skill level 5 in Fighting
 10384 | D:8      | Noticed a manticore
 10384 | D:8      | Noticed a deep elf pyromancer
 10393 | D:8      | Killed a manticore
 10406 | D:8      | Killed a deep elf pyromancer
 10501 | D:8      | Noticed a red ugly thing
 10503 | D:8      | Noticed a white ugly thing
 10513 | D:8      | Killed a white ugly thing
 10753 | D:8      | Killed a white ugly thing
 10754 | D:8      | Reached skill level 5 in Invocations
 11244 | D:8      | Noticed a cyclops
 11251 | D:8      | Killed a cyclops
 11252 | D:8      | Reached XP level 11. HP: 48/81 MP: 4/21
 11438 | D:9      | Found a staircase to the Orcish Mines.
 12167 | D:8      | Reached skill level 5 in Armour
 12889 | D:9      | Reached skill level 1 in Summonings
 13010 | D:9      | Found Ijes's Distillery.
 13011 | D:9      | Found Kicitiw's Jewellery Shoppe.
 13015 | D:9      | Bought a potion of degeneration for 10 gold pieces
 13015 | D:9      | Bought a potion of cancellation for 80 gold pieces
 13015 | D:9      | Bought a potion of curing for 30 gold pieces
 13015 | D:9      | Bought a potion of heal wounds for 50 gold pieces
 13352 | D:9      | Reached ** piety under Sif Muna
 13835 | D:10     | Entered Level 10 of the Dungeon
 14216 | D:10     | Found a flagged portal.
 14228 | Bailey   | Entered a bailey
 14758 | Bailey   | Noticed an orc knight
 14761 | Bailey   | Killed an orc knight
 14761 | Bailey   | Reached *** piety under Sif Muna
 15460 | D:10     | Found a portal to a secret trove of treasure.
 15773 | D:10     | Reached XP level 12. HP: 91/91 MP: 15/22
 15867 | D:10     | Found a bloodstained altar of Trog.
 16093 | D:10     | Found a staircase to the Lair.
 16246 | D:10     | Noticed a hell knight
 16249 | D:10     | Noticed a hell knight
 16251 | D:10     | Noticed a hell knight
 16253 | D:10     | Killed from afar by a hell hound

Illustrated notes

Levels and vault maps discovered:
D:1:      doesnt_arrival_eight_statues, layout_basic,
          hellmonk_ecumenical_altar_arch_garden, serial_shops,
          nicolae_shop_waterfront
D:2:      layout_basic, minivault_19, kennysheep_cluttered_room, minivault_11,
          uniq_natasha, uniq_sigmund
D:3:      layout_loops_ring
D:4:      layout_loops_corners, mainiacjoe_overflow_large_starburst,
          corexii_hall_statues_deadend, uniq_robin
D:5:      layout_loops_ring, gammafunk_ghost_cemetery, serial_shops, shop
D:6:      layout_loops_ring, nzn_wu_jian_council_hall, minmay_temple_entry_grid,
          kennysheep_small_spiral, chequers_serial_rivers_room_b,
          dk_noncrumbling_4, uniq_eustachio
D:7:      gammafunk_wand_slinger, layout_loops_ring, serial_co_window_serial,
          co_window_paths_a, co_window_paths_b, co_window_paths_a,
          co_window_corner_a, co_window_of_opportunity_a,
          co_window_of_opportunity_c, co_window_of_opportunity_b,
          co_window_corner_b, glass_columns_a, glass_columns_a, glass_columns_c,
          glass_columns_a, glass_columns_c, serial_shops, shop
D:8:      minmay_bloctagon, layout_loops_ring
D:9:      layout_loops_ring, erik_orc_4, kennysheep_diamond,
          supply_closet_lemuel, nicolae_wooded_promenade,
          minmay_gold_behind_fungi
D:10:     layout_rooms, trog_butcher_becter, lair_entry_dummy, enter_bailey_3,
          nicolae_trove_entry_path_of_doom, minmay_rotating_lava
Temple:   nicolae_temple_bog_church

Skill      XL: |  1  2  3  4  5  6  7  8  9 10 11 12 |
---------------+-------------------------------------+-----
Spellcasting   | 2 3 4 6 7 |  7.0
Earth Magic    | 3 4 5 6 |  6.0
Conjurations   | 2 4 5 6 7 |  7.8
Fighting       | 2 4 6 7 |  7.6
Translocations | 3 |  3.0
Invocations    | 1 4 5 7 |  7.3
Stealth        | 3 4 |  4.5
Dodging        | 4 |  4.0
Armour         | 4 6 |  6.3
Summonings     | 2 3 |  3.0

Action                     |  1- 3 |  4- 6 |  7- 9 | 10-12 || total
---------------------------+-------+-------+-------+-------++-------
  Melee: Dagger            |    40 |    31 |       |       ||    71
         Punch             |     1 |     1 |       |       ||     2
         Staff             |       |     6 |    14 |     1 ||    21
         Rapier            |       |     5 |       |       ||     5
         Spear             |       |     1 |    37 |    19 ||    57
         Scimitar          |       |       |       |     6 ||     6
  Throw: Javelin           |       |       |     1 |     8 ||     9
         Throwing net      |       |       |     1 |       ||     1
   Cast: Sandblast         |    39 |    32 |       |       ||    71
         Stone Arrow       |       |    44 |    84 |   220 ||   348
 Invoke: Channel Magic     |       |       |       |     2 ||     2
  Evoke: Wand              |       |       |       |     7 ||     7
    Use: Scroll            |     1 |     6 |     2 |     7 ||    16
         Potion            |       |       |       |     6 ||     6
   Stab: Sleeping          |       |       |     1 |       ||     1
         Held in net/web   |       |       |     1 |       ||     1
 Armour: Robe              |    16 |     9 |       |       ||    25
         Leather armour    |       |    11 |    19 |     2 ||    32
         Ring mail         |       |       |       |    26 ||    26
  Dodge: Dodged            |    31 |    43 |    50 |    73 ||   197
